 Dungeon Crawl Stone Soup version 0.28-a0-730-g892d06dc2c (webtiles) character file.

Game seed: 16424389687257788269

2 arbarr3 the Insei (level 1, 0/15 HPs)
             Began as a Demigod Transmuter on Oct 28, 2021.
             Slain by a goblin (1 damage)
             ... on level 1 of the Dungeon.
             The game lasted 00:01:42 (101 turns).

arbarr3 the Insei (Demigod Transmuter)               Turns: 101, Time: 00:01:45

Health: 0/15       AC:  2    Str: 11    XL:     1   Next: 26%
Magic:  4/5        EV: 12    Int: 15    God:
Gold:   0          SH:  0    Dex: 14    Spells: 2/3 levels left

rFire   . . .      SeeInvis .     - Unarmed
rCold   . . .      Faith    .   (no shield)
rNeg    . . .      Spirit   .   a - +0 robe
rPois   .          Reflect  .   (helmet currently unavailable)
rElec   .          Harm     .   (no cloak)
rCorr   .          Rampage  .   (no gloves)
Will    .....                   (boots currently unavailable)
Stlth   +.........              (no amulet)
HPRegen 0.05/turn               (no ring)
MPRegen 0.09/turn               (no ring)

@: appendages
A: horns 2, talons 2, high mp 1, forlorn
a: End Transformation


You were on level 1 of the Dungeon.
You had temporarily grown beastly horns and talons.
You visited 1 branch of the dungeon, and saw 1 of its levels.

Inventory:

Armour
 a - a +0 robe (worn)


   Skills:
 + Level 0.8 Fighting
 + Level 1.9 Dodging
 + Level 2.8 Unarmed Combat
 + Level 1.7 Spellcasting
 + Level 1.7 Transmutations


You had 2 spell levels left.
You knew the following spells:

 Your Spells              Type           Power      Damage    Failure   Level
a - Beastly Appendage     Tmut           12%        N/A       11%         1

Your spell library contained the following spells:

 Spells                   Type           Power      Damage    Failure   Level
 Wereblood                Tmut           6%         N/A       17%         2
 Spider Form              Tmut/Pois      1%         N/A       43%         3
 Ice Form                 Ice/Tmut       3%         N/A       85%         4


Dungeon Overview and Level Annotations

Branches:
Dungeon (1/15)


Innate Abilities, Weirdness & Mutations

You have temporarily grown beastly horns and talons.
Your attributes grow dramatically as you level up.
You have an increased reservoir of magic. (+10% MP)
You shall have no god before yourself.


Message History

The kobold throws a stone.
The stone hits you.
You enter the shallow water.
Moving in this stuff is going to be slow.
Why would you want to do that? Why would you want to do that?
Why would you want to do that? Why would you want to do that?
Why would you want to do that?
You hit the plant.
The plant begins to die.
The plant is lightly damaged.
Why would you want to do that? Why would you want to do that?
A nearby plant withers and dies.
You open the door.
The kobold throws a stone.
The stone hits you. The hobgoblin hits you.
Found a stone staircase leading down.
The kobold throws a stone.
The stone hits you but does no damage.
There is an open door here.
The hobgoblin barely misses you.
A frilled lizard comes into view.
Found a mace.
There is a stone staircase leading down here.
Unknown command.
Unknown command.
Sorry, you're not good enough to have a special ability.
Unknown command.
Drop what? 1/52 slots (_ for help) (? for menu, Esc to quit)
Okay, then.
The frilled lizard hisses angrily.
The hobgoblin hits you.
* * * LOW HITPOINT WARNING * * *
You hit the hobgoblin but do no damage. The hobgoblin closely misses you.
The goblin closely misses you.
Casting: Beastly Appendage (safe; 11% risk of failure)
Press: ? - help, Q - select action Dir - look around, f - activate You grow a pair of large bovine horns.
Your feet morph into talons.
The hobgoblin hits you.
* * * LOW HITPOINT WARNING * * *
The goblin hits you with a +0 dagger.
You die...

#≈.P≈..#
#≈≈≈≈..#
#≈≈≈...#
#≈≈...♣#
#≈≈...♣
#≈..K♣♣
#≈..♣♣
####'###
#@gK...#
#.g###.#
#..# .#
....l .
.#....#
.. ..
.....#
.. #
#....#.
..#
#.......


You could see a hobgoblin, a goblin, a kobold and a frilled lizard.

Vanquished Creatures
  2 endoplasms (D:1)
2 creatures vanquished.

Vanquished Creatures (others)
  A plant (D:1)
1 creature vanquished.

Grand Total: 3 creatures vanquished

Notes
Turn   | Place    | Note
-------+----------+-------------------------------------------
     0 | D:1      | arbarr3 the Demigod Transmuter began the quest for the Orb.
     0 | D:1      | Reached XP level 1. HP: 15/15 MP: 5/5
   101 | D:1      | Slain by a goblin

Illustrated notes

Levels and vault maps discovered:
D:1:      tarquinn_simple_flora_water_c, layout_loops_ring,
          basic_ecumenical_altar

Action                   || total
-------------------------++-------
Melee: Unarmed           ||     7
 Cast: Beastly Appendage ||     2
 Stab: Sleeping          ||     1
Armor: Robe              ||     2
Dodge: Dodged            ||    12

Table legend: (Time is in decaauts)
 A = Elapsed time spent in this place.
 B = Non-inter-level travel time spent in this place.
 C = Inter-level travel time spent in this place.
 D = Time resting spent in this place.
 E = Time spent auto-exploring this place.
 F = Levels seen in this place.
 G = Mean time per level.
                   A        B        C        D        E       F      G
               +--------+--------+--------+--------+--------+-----+--------+
         Total |    108 |    108 |      0 |      0 |      0 |   1 |  108.0 |
       Dungeon |    108 |    108 |      0 |      0 |      0 |   1 |  108.0 |
               +--------+--------+--------+--------+--------+-----+--------+

Top non-repeatable levels by time:
     D:1: 108 daAuts
